 Dungeon Crawl Stone Soup version 0.17.1-2-g5865329 (webtiles) character file.

16435 Metrazal the Whirler (level 12, 0/53 HPs)
             Began as a Spriggan Assassin on Jan 24, 2016.
             Was an Elder of Elyvilon.
             Succumbed to a trapdoor spider's poison
             ... on level 12 of the Dungeon on Jan 30, 2016.
             The game lasted 03:53:45 (20008 turns).

Metrazal the Whirler (Spriggan Assassin)           Turns: 20008, Time: 03:53:45

Health: 0/53       AC:  5    Str: 11    XL:     12   Next: 10%
Magic:  13/13      EV: 34    Int: 14    God:    Elyvilon [****..]
Gold:   493        SH:  0    Dex: 26    Spells: 1 memorised, 10 levels left

rFire  . . .     SeeInvis +     b - +0 blowgun
rCold  . . .     Clarity  .     S - +2 robe {MR+}
rNeg   . . .     SustAt   .     (shield restricted)
rPois  .         Gourm    .     (helmet restricted)
rElec  .         Spirit   .     d - +0 cloak
rCorr  .         Warding  .     (gloves unavailable)
rMut   .         Stasis   .     (boots unavailable)
MR     +++..                    (no amulet)
Stlth  ++++......               C - +5 ring of dexterity
                                J - +4 ring of strength

@: lethally poisoned (0 -> -3), very quick, extremely resistant to hostile
enchantments, stealthy
A: unfitting armour, see invisible, herbivore 3, speed 3, slow metabolism 2
a: Lesser Healing, Heal Other, Purification, Greater Healing, Divine Protection,
Renounce Religion


You were on level 12 of the Dungeon.
You worshipped Elyvilon.
Elyvilon was greatly pleased with you.
You were not hungry.

You visited 2 branches of the dungeon, and saw 13 of its levels.

You collected 556 gold pieces.
You spent 63 gold pieces at shops.

Inventory:

Hand Weapons
 a - a +2 dagger
 b - a +0 blowgun (weapon)
 h - a +0 hunting sling
 T - a +2 shortbow of flaming
Missiles
 e - 5 poisoned needles (quivered)
 f - 9 curare-tipped needles
 k - 146 stones
 m - 156 arrows
 t - 26 tomahawks
 x - 3 tomahawks of dispersal
 P - 69 sling bullets
Armour
 d - a +0 cloak (worn)
 S - a +2 robe of magic resistance (worn)
Jewellery
 n - an uncursed ring of protection from cold
 C - a +5 ring of dexterity (right hand)
 F - an uncursed ring of protection from fire
 J - a +4 ring of strength (left hand)
 N - an uncursed ring of positive energy
 U - the ring of Jooxkosuel {rF+ MP+9 Str+4 Dex-3 Stlth+}
   (You found it on level 8 of the Dungeon)

   [ring of protection from fire]

   It affects your strength (+4).
   It affects your dexterity (-3).
   It protects you from fire.
   It affects your magic capacity (+9).
   It makes you more stealthy.
Wands
 y - a wand of polymorph (18)
Scrolls
 c - a scroll of fog {unknown}
 i - 3 scrolls of teleportation {unknown}
 j - 2 scrolls of blinking {unknown}
 A - 2 scrolls of magic mapping {unknown}
 B - 14 scrolls of identify {unknown}
 D - a scroll of enchant weapon {unknown}
 E - 6 scrolls of remove curse {unknown}
 I - a scroll of immolation {unknown}
 K - 2 scrolls of random uselessness {unknown}
 M - 4 scrolls of recharging {unknown}
 O - 2 scrolls of vulnerability {unknown}
 Q - a scroll of amnesia {unknown}
 R - 4 scrolls of enchant armour {unknown}
 V - a scroll of noise {unknown}
Potions
 l - a potion of flight {unknown}
 o - 4 potions of poison {unknown}
 p - 5 potions of heal wounds {unknown}
 q - a potion of mutation {unknown}
 r - a potion of cure mutation {unknown}
 s - 2 potions of cancellation {unknown}
 u - 4 potions of might {unknown}
 v - 6 potions of brilliance {unknown}
 w - 2 potions of degeneration {unknown}
 z - 3 potions of haste {unknown}
 G - 2 potions of invisibility {unknown}
 H - 4 potions of curing {unknown}
 L - 2 potions of lignification {unknown}
 W - a potion of agility {unknown}
Comestibles
 g - 3 bread rations


   Skills:
 - Level 1.5 Fighting
 - Level 2.1 Short Blades
 * Level 15.3 Slings
 * Level 12.7 Bows
 - Level 2.0(8.9) Throwing
 + Level 13.2 Dodging
 - Level 5.8 Stealth


You had 10 spell levels left.
You knew the following spells:

 Your Spells              Type           Power        Failure   Level  Hunger
a - Apportation           Tloc           #.........   30%         1    ##.....


Dungeon Overview and Level Annotations

Branches:
Dungeon (12/15)            Temple (1/1) D:5            Lair (0/8) D:11
    Orc (0/4) D:12

Altars:
Ashenzari
Cheibriados
Dithmenos
Elyvilon
Fedhas
Gozag
Kikubaaqudgha
Makhleb
Nemelex Xobeh
Okawaru
Qazlal
Sif Muna
Trog
Vehumet
Xom
Yredelemnul
Zin
The Shining One
Lugonu

Shops:
D:6 *


Innate Abilities, Weirdness & Mutations

You are tiny and cannot use many weapons and most armour.
You have supernaturally acute eyesight.
You are a herbivore.
You cover ground extremely quickly.
You need consume almost no food.


Message History

an arrow; a poisoned needle You feel sick.
You feel sick.
You feel sick.
You feel sick.
The troll shouts!
You feel sick.
You feel sick.
Firing (i - inventory. (,) - cycle):
e - 6 poisoned needles (quivered)
Press: ? - help, Shift-Dir - straight line, f/p - trapdoor spider
Aim: a trapdoor spider (severely wounded, poisoned)
You shoot a poisoned needle.
The poisoned needle hits the trapdoor spider.
The trapdoor spider looks even sicker.
The trapdoor spider is severely wounded.
You feel sick. The trapdoor spider bites you.
* * * LOW HITPOINT WARNING * * *
There is an open door here.
You die...

#..8....>....8..##.(.###
##..............##(###
##[.......)..#.((..#
#.....8..)..#####.#
####...).#### #...#
#....T.### #.###.#.#
#......# #.......#
#......########.#####
#.....s'.@....'...#.# #
#......##########.#.#
#### #......# #...#.#
#>#. #......#
#.###.###.'. ########
#.........## ###########


You could see a trapdoor spider.

Vanquished Creatures
  A death yak (D:10)
  Pikel (D:7)
  5 hill giants
  2 ugly things
  5 trolls
  A polar bear (D:10)
  Prince Ribbit (D:6)
  6 slime creatures (D:12)
  A deep elf mage (D:11)
  Sigmund (D:3)
  2 centaur simulacra (D:10)
  2 wyverns (D:9)
  2 hungry ghosts
  A hippogriff (D:8)
  12 yaks
  Edmund (D:6)
  A water moccasin (D:9)
  3 orc warriors
  5 ogres
  3 sky beasts
  3 phantoms
  An eye of draining (D:10)
  An ice beast (D:9)
  A wasp (D:12)
  5 big kobolds
  A centaur (D:5)
  2 crocodiles
  A wyvern zombie (D:12)
  A wyvern skeleton (D:12)
  A gnoll sergeant (D:7)
  5 giant frogs
  7 scorpions
  9 killer bees
  9 wights
  The ghost of chimenez the Firebug, a weakling NaFE (D:3)
  An electric eel (D:10)
  6 crimson imps
  2 giant frog zombies
  A quasit (D:9)
  A centaur zombie (D:5)
  A wasp zombie (D:9)
  Crazy Yiuf (D:7)
  5 hounds
  2 jellies (D:11)
  A centaur skeleton (D:9)
  5 giant frog skeletons
  11 orc wizards
  10 orc priests
  A water moccasin simulacrum (D:10)
  4 iguanas
  13 worker ants
  2 hound zombies
  A giant frog simulacrum (D:10)
  2 hound skeletons
  2 killer bee simulacra (D:10)
  17 adders
  13 gnolls
  A hound simulacrum (D:10)
  4 river rats (D:2)
  A shadow imp (D:7)
  7 white imps
  A worker ant simulacrum (D:10)
  2 ufetubi
  3 adder zombies
  2 adder skeletons
  2 worms
  8 giant geckos
  54 orcs
  7 bats
  5 giant cockroaches
  5 goblins
  8 hobgoblins
  4 jackals
  30 kobolds
  4 ball pythons
  A giant gecko zombie (D:7)
  9 giant newts
  6 quokkas
  5 rats
  2 plants (D:2)
377 creatures vanquished.

Vanquished Creatures (others)
  A slave (D:7)
  A centaur (D:7)
  A gnoll sergeant (D:7)
  A quokka (D:7)
  2 plants (D:7)
6 creatures vanquished.

Grand Total: 383 creatures vanquished

Notes
Turn   | Place    | Note
--------------------------------------------------------------
     0 | D:1      | Metrazal the Spriggan Assassin began the quest for the Orb.
     0 | D:1      | Reached XP level 1. HP: 10/10 MP: 2/2
   188 | D:1      | Reached skill level 1 in Slings
   417 | D:1      | Reached XP level 2. HP: 14/14 MP: 3/3
   620 | D:2      | Reached XP level 3. HP: 18/18 MP: 4/4
  1084 | D:2      | Reached XP level 4. HP: 22/22 MP: 5/5
  1957 | D:3      | Reached XP level 5. HP: 23/25 MP: 6/6
  2107 | D:3      | Reached skill level 5 in Slings
  2264 | D:3      | Noticed Sigmund
  2285 | D:3      | Killed Sigmund
  2285 | D:3      | Reached skill level 6 in Slings
  2285 | D:3      | Reached skill level 5 in Dodging
  2285 | D:3      | Reached XP level 6. HP: 21/30 MP: 7/7
  2477 | D:3      | Noticed chimenez's ghost (weakling NaFE)
  2491 | D:3      | Found a deep blue altar of Sif Muna.
  2522 | D:3      | Killed chimenez's ghost
  2550 | D:3      | Found a radiant altar of Vehumet.
  2550 | D:3      | Found an ancient bone altar of Kikubaaqudgha.
  2558 | D:3      | Identified Sif Muna's Compendium of the Compass
  2573 | D:3      | Identified Vehumet's Handbook of Attacks
  2582 | D:3      | Identified Kikubaaqudgha's Volume of Evil
  2588 | D:3      | Learned a level 1 spell: Apportation
  3409 | D:4      | Reached skill level 7 in Slings
  3421 | D:4      | Reached XP level 7. HP: 23/33 MP: 8/8
  3997 | D:4      | Reached skill level 8 in Slings
  4352 | D:5      | Entered Level 5 of the Dungeon
  4839 | D:5      | Reached skill level 9 in Slings
  4956 | D:5      | Found an opulent altar of Gozag.
  4956 | D:5      | Found a glowing silver altar of Zin.
  5046 | D:5      | Reached skill level 1 in Bows
  5046 | D:5      | Reached XP level 8. HP: 37/37 MP: 9/9
  5125 | D:5      | Found a white marble altar of Elyvilon.
  5149 | D:5      | Became a worshipper of Elyvilon the Healer
  5502 | D:5      | Found a staircase to the Ecumenical Temple.
  5512 | Temple   | Entered the Ecumenical Temple
  6350 | D:6      | Noticed Edmund
  6381 | D:6      | Killed Edmund
  6420 | D:6      | Reached * piety under Elyvilon
  6645 | D:6      | Noticed Prince Ribbit
  6755 | D:6      | Found Lurits's General Store.
  6764 | D:6      | Bought 2 fruits for 45 gold pieces
  6764 | D:6      | Bought 6 arrows for 18 gold pieces
  6831 | D:6      | Reached skill level 10 in Slings
  7265 | D:6      | Reached skill level 5 in Bows
  7294 | D:6      | Killed Prince Ribbit
  7294 | D:6      | Reached XP level 9. HP: 27/41 MP: 10/10
  7929 | D:7      | Noticed Pikel
  7962 | D:7      | Killed Pikel
  7962 | D:7      | Reached skill level 11 in Slings
  8544 | D:7      | Noticed Crazy Yiuf
  8550 | D:7      | Killed Crazy Yiuf
  8552 | D:7      | Reached ** piety under Elyvilon
  8847 | D:7      | Found a glowing golden altar of the Shining One.
  9255 | D:8      | Reached skill level 10 in Dodging
  9531 | D:8      | Got a faintly glowing lapis lazuli ring
  9535 | D:8      | Identified the ring of Jooxkosuel {rF+ MP+9 Str+4 Dex-3 Stlth+} (You found it on level 8 of the Dungeon)
  9609 | D:8      | Found a sparkling altar of Nemelex Xobeh.
 10026 | D:8      | Found a bloodstained altar of Trog.
 10188 | D:9      | Reached skill level 12 in Slings
 10263 | D:9      | Reached XP level 10. HP: 46/46 MP: 11/11
 11044 | D:9      | Reached *** piety under Elyvilon
 11050 | D:9      | Noticed a hill giant
 11083 | D:9      | Killed a hill giant
 11255 | D:10     | Entered Level 10 of the Dungeon
 11255 | D:10     | Noticed a hill giant
 11277 | D:9      | Killed a hill giant
 11277 | D:9      | Reached skill level 13 in Slings
 11825 | D:8      | Reached skill level 10 in Bows
 13522 | D:10     | Reached XP level 11. HP: 49/49 MP: 9/12
 14230 | D:10     | Noticed a death yak
 14264 | D:10     | Killed a death yak
 14307 | D:10     | Reached skill level 14 in Slings
 15050 | D:10     | Noticed a hill giant
 15068 | D:10     | Killed a hill giant
 16002 | D:11     | Reached **** piety under Elyvilon
 17219 | D:11     | Noticed a hill giant
 17247 | D:11     | Killed a hill giant
 17278 | D:11     | Found a staircase to the Lair.
 17317 | D:11     | Noticed a hill giant
 17358 | D:11     | Killed a hill giant
 18067 | D:12     | Found a staircase to the Orcish Mines.
 18924 | D:12     | Reached skill level 15 in Slings
 19195 | D:12     | Reached XP level 12. HP: 36/53 MP: 13/13
 20005 | D:12     | HP: 1/53 [trapdoor spider (4)]
 20008 | D:12     | Succumbed to a trapdoor spider's poison

Action                   |  1- 3 |  4- 6 |  7- 9 | 10-12 || total
-------------------------+-------+-------+-------+-------++-------
Melee: Dagger            |   137 |    83 |       |       ||   220
       Hunting sling     |       |       |     1 |       ||     1
 Fire: Blowgun           |    33 |    54 |   116 |   171 ||   374
       Hunting sling     |     6 |   184 |   537 |   383 ||  1110
       Shortbow          |       |       |    79 |   598 ||   677
 Stab: Sleeping          |    12 |    23 |    33 |    20 ||    88
       Distracted        |       |     2 |     5 |     7 ||    14
  Eat: Fruit             |       |       |     5 |     4 ||     9
       Bread ration      |       |       |       |     1 ||     1
       Pizza             |       |       |       |     1 ||     1
